 Dungeon Crawl Stone Soup version 0.18.1-48-g4cf74bf (webtiles) character file.

1890 sveltemanboy the Basher (level 9, -3/93 HPs)
             Began as an Ogre Gladiator on June 24, 2016.
             Was a Believer of Okawaru.
             Slain by an orc
             ... wielding a +0 mace
              (8 damage)
             ... on level 6 of the Dungeon.
             The game lasted 00:20:37 (6790 turns).

sveltemanboy the Basher (Ogre Gladiator)            Turns: 6790, Time: 00:20:38

Health: -3/93      AC:  4    Str: 25    XL:     9   Next: 15%
Magic:  21/22      EV: 14    Int:  9    God:    Okawaru [**....]
Gold:   279        SH:  0    Dex: 12    Spells: 0 memorised, 8 levels left

rFire  . . .     SeeInvis .     z - +0 morningstar
rCold  . . .     Gourm    .     b - +0 robe
rNeg   . . .     Faith    .     (no shield)
rPois  .         Spirit   .     c - +0 hat
rElec  .         Dismiss  .     o - +0 cloak
rCorr  .         Reflect  .     (gloves unavailable)
SustAt .         Harm     .     (boots unavailable)
MR     .....                    (no amulet)
Stlth  ++........               (no ring)
                                v - ring of magical power

@: heroism, not resistant to hostile enchantments, unstealthy
A: unfitting armour, agile 1, clever 1, high mp 1, tough skin 1
a: Heroism, Renounce Religion


You were on level 6 of the Dungeon.
You worshipped Okawaru.
Okawaru was pleased with you.
You were hungry.

You visited 1 branch of the dungeon, and saw 6 of its levels.
You also visited: Sewer.

You collected 291 gold pieces.
You spent 12 gold pieces at shops.

Inventory:

Hand Weapons
 t - a +0 blowgun
 z - a +0 morningstar (weapon)
Missiles
 d - 3 throwing nets
 e - 253 stones (quivered)
 u - 27 poisoned needles
Armour
 b - a +0 robe (worn)
 c - a +0 hat (worn)
 o - a +0 cloak (worn)
Jewellery
 v - a ring of magical power (left hand)
Wands
 p - a wand of polymorph (7/24)
 r - a wand of slowing (30/48)
 w - a wand of random effects (0/48)
 y - a wand of random effects (12/48)
Scrolls
 a - 3 scrolls of recharging {unknown}
 h - a scroll of immolation {unknown}
 i - 4 scrolls of teleportation {unknown}
 j - 6 scrolls of identify
 k - 3 scrolls of enchant armour {unknown}
 s - a scroll of enchant weapon {unknown}
Potions
 l - a potion of haste
 n - a potion of ambrosia {unknown}
 q - 2 potions of might {unknown}
 x - 2 potions of agility {unknown}
 A - 2 potions of curing
 B - a potion of heal wounds
 C - 2 potions of magic {unknown}
Comestibles
 f - 4 bread rations
 g - a beef jerky
 m - a slice of pizza
 D - a fruit
 E - a royal jelly


   Skills:
 + Level 7.5(12.5) Fighting
 * Level 10.5(15.5) Maces & Flails
 - Level 2.0(7.0) Throwing
 - Level 1.0(6.0) Armour
 + Level 5.2(10.2) Dodging
 + Level 4.9 Invocations


You had 8 spell levels left.
You didn't know any spells.

Dungeon Overview and Level Annotations

Branches:
Dungeon (6/15)
 Temple: D:4-7

Altars:
Okawaru
Trog
Xom

Shops:
D:5 %?[


Innate Abilities, Weirdness & Mutations

You are too large for most types of armour.
You have tough skin (AC +1).
You are agile. (Dex +2)
Your mind is acute. (Int +2)
You have an increased reservoir of magic (+10% MP).


Message History

You barely miss the orc warrior.
The orc warrior is severely wounded.
The orc wizard hits you with an enchanted dagger.
* * * LOW HITPOINT WARNING * * *
You hit the orc warrior.
The orc warrior is severely wounded.
The orc wizard casts a spell at you. The puff of flame misses you.
The orc misses you.
The orc warrior hits you with a war axe!
* * * LOW HITPOINT WARNING * * *
The orc wizard looks braver for a moment.
You sock the orc warrior!
You kill the orc warrior!
Okawaru accepts your kill. The orc closely misses you.
The orc wizard barely misses you.
The orc wizard miscasts a cantrip.
Things that are here:
a war axe; a plate armour; an orc corpse You closely miss the orc wizard.
The orc hits you with a mace!
You die...

# #.######....##.. #.#
#.##.###. ###.### #.#......
#...≈≈##########..
##.(≈≈≈#.≈≈≈≈≈≈##..
#.(..#≈#######≈##..
#.(.)≈≈#≈≈≈≈≈≈≈≈#..
#.o.≈#≈#≈########..
#(@o≈≈≈#≈≈≈≈≈##≈#..
#.((≈#≈#≈#≈#≈≈≈≈#..
##########...≈#≈#≈#≈########
#...).........#≈≈≈#≈≈≈≈≈≈#.#
#.............############.#
#...>.......................
#..........###########.###.#
#.....[....# #.....#.#
############ #.^.^.#..


You could see an orc wizard and an orc.

Vanquished Creatures
  An orc warrior (D:6)
  An ice beast (D:5)
  2 sky beasts
  3 ogres
  2 centaurs (D:5)
  2 giant frogs (D:6)
  A big kobold (Sewer)
  A scorpion (D:6)
  2 crimson imps
  2 hounds (D:4)
  3 jellies
  A centaur skeleton (D:4)
  2 orc priests
  6 orc wizards
  Jessica (D:2)
  4 worker ants
  A hound zombie (D:5)
  Robin (D:4)
  A worker ant zombie (D:6)
  9 adders
  3 oozes (Sewer)
  4 worms
  4 dart slugs
  3 giant geckos
  9 orcs
  4 giant cockroaches
  7 goblins
  11 hobgoblins
  13 jackals
  16 kobolds
  5 quokkas
  4 ball pythons
  9 bats
  A giant gecko skeleton (D:5)
  2 giant newts
  8 rats
149 creatures vanquished.

Notes
Turn   | Place    | Note
--------------------------------------------------------------
     0 | D:1      | sveltemanboy the Ogre Gladiator began the quest for the Orb.
     0 | D:1      | Reached XP level 1. HP: 22/22 MP: 1/1
   268 | D:1      | Reached XP level 2. HP: 31/31 MP: 2/2
   661 | D:1      | Reached XP level 3. HP: 34/37 MP: 3/3
  1242 | D:2      | Reached skill level 1 in Armour
  1246 | D:2      | Reached skill level 5 in Maces & Flails
  1441 | D:2      | Reached XP level 4. HP: 48/48 MP: 4/4
  1637 | D:2      | Noticed Jessica
  1655 | D:2      | Killed Jessica
  2271 | D:3      | Reached XP level 5. HP: 47/55 MP: 5/5
  2338 | D:3      | Found an iron altar of Okawaru.
  2350 | D:3      | Reached skill level 6 in Maces & Flails
  2361 | D:3      | Became a worshipper of Warmaster Okawaru
  2906 | D:4      | Noticed an ogre
  2916 | D:4      | Killed an ogre
  2916 | D:4      | Reached skill level 1 in Invocations
  2916 | D:4      | Reached XP level 6. HP: 59/65 MP: 7/7
  2989 | D:4      | Noticed Robin
  3041 | D:4      | Killed Robin
  3041 | D:4      | Reached skill level 5 in Fighting
  3361 | D:4      | Reached skill level 7 in Maces & Flails
  3604 | D:4      | Reached XP level 7. HP: 70/72 MP: 8/8
  4020 | D:5      | Entered Level 5 of the Dungeon
  4020 | D:5      | Found Wauruclu's Armour Boutique.
  4020 | D:5      | Found Toqan's Weapon Shoppe.
  4035 | D:5      | Reached * piety under Okawaru
  4314 | D:5      | Reached skill level 8 in Maces & Flails
  4654 | D:5      | Gained mutation: Your mind is acute. (Int +2) [potion of mutation]
  4654 | D:5      | Gained mutation: You have an increased reservoir of magic (+10% MP). [potion of mutation]
  4654 | D:5      | Gained mutation: You are agile. (Dex +2) [potion of mutation]
  4738 | D:5      | Reached XP level 8. HP: 74/83 MP: 11/11
  4844 | D:5      | Reached ** piety under Okawaru
  4844 | D:5      | Reached skill level 9 in Maces & Flails
  5072 | D:5      | Found a bloodstained altar of Trog.
  5395 | D:5      | Found Yzooril's Food Boutique.
  5470 | D:5      | Found Apada's Magic Scroll Shoppe.
  5485 | D:5      | Bought a scroll of noise for 12 gold pieces
  5622 | D:6      | Found a glowing drain.
  5630 | Sewer    | Entered a sewer
  6188 | D:6      | Reached skill level 10 in Maces & Flails
  6221 | D:6      | Found a shimmering altar of Xom.
  6551 | D:6      | Reached skill level 5 in Dodging
  6551 | D:6      | Reached XP level 9. HP: 84/93 MP: 13/13
  6787 | D:6      | HP: 4/93 [orc warrior/war axe (7)]
  6790 | D:6      | Slain by an orc

Skill      XL: |  1  2  3  4  5  6  7  8 |
---------------+-------------------------+-----
Fighting       | 3 4 5 6 7 |  7.5
Armour         | 1 |  1.0
Maces & Flails | 5 6 7 8 10 | 10.5
Dodging        | 3 4 5 |  5.2
Invocations    | 1 2 3 4 |  4.9
Throwing       | |  2.0

Action                   |  1- 3 |  4- 6 |  7- 9 || total
-------------------------+-------+-------+-------++-------
Melee: Flail             |   134 |   125 |   134 ||   393
       Morningstar       |       |       |   122 ||   122
 Fire: Blowgun           |       |    27 |    49 ||    76
Throw: Stone             |     5 |    27 |     8 ||    40
       Throwing net      |       |     6 |       ||     6
Invok: Heroism           |       |       |     1 ||     1
Evoke: Wand              |       |       |     9 ||     9
  Use: Potion            |       |       |     7 ||     7
       Scroll            |       |       |     2 ||     2
 Stab: Sleeping          |     1 |       |       ||     1
       Held in net/web   |       |     1 |       ||     1
  Eat: Chunk             |     2 |     7 |    10 ||    19
Armor: Robe              |    40 |    27 |    65 ||   132
Dodge: Dodged            |    85 |    57 |   124 ||   266
